Map: Newkirk Precinct TE (Void)

Players

Railgan - Winner!

  • Race: Zerg Zerg
  • League: Grandmaster
  • Spawn Location: 7:00

Untitled

  • Race: Zerg Zerg
  • League: Master
  • Spawn Location: 5:00

VOD

Have the link to the VOD?

Description

Time

  • Played on: Feb. 25, 2017, 5:44 p.m.
  • Length: 12:55
Show
View Real Time Build Order
Export as new Build Order

Railgan Zerg - Winner!

Build Orders: Hatch First 

Get SALT Encoding   

  12  0:01  Drone  
  13  0:13  Overlord  
  13  0:18  Drone  
  14  0:31  Drone x2  
  14  0:35  Drone  
  17  0:45  Drone  
  18  0:57  Hatchery  
  18  1:00  Extractor, Drone  
  17  1:14  Spawning Pool  
  17  1:17  Drone  
  17  1:20  Drone  
  18  1:30  Drone  
  19  1:39  Overlord  
  19  1:51  Drone  
  20  2:00  Queen  
  22  2:01  Zergling x2  
  23  2:09  Zergling x2, Queen  
  23  2:11  Drone  
  27  2:18  Spine Crawler  
  27  2:20  Zergling x2  
  27  2:22  Baneling Nest, Zergling x2  
  27  2:32  Spine Crawler  
  26  2:38  Zergling x2  
  26  2:42  Zergling x4  
  26  2:44  Zergling x2  
  27  2:52  Zergling x2  
  27  2:56  Queen  
  29  3:03  Metabolic Boost  
  25  3:06  Baneling x2  
  25  3:07  Zergling x2  
  25  3:11  Drone  
  26  3:13  Baneling  
  26  3:15  Zergling x2  
  26  3:16  Zergling x2  
  26  3:19  Zergling x2  
  27  3:35  Overlord  
  26  3:44  Zergling x2  
  27  3:55  Baneling  
  27  3:59  Hatchery  
  27  4:01  Drone  
  27  4:04  Baneling x2  
  27  4:07  Drone x2  
  29  4:11  Extractor  
  28  4:19  Drone  
  28  4:20  Drone x2  
  31  4:29  Lair  
  31  4:44  Overlord  
  31  4:48  Drone  
  32  4:53  Overlord  
  32  4:58  Overlord  
  32  4:59  Drone  
  33  5:00  Drone  
  34  5:09  Drone  
  34  5:11  Drone x3  
  38  5:22  Drone x3  
  41  5:32  Spire  
  41  5:33  Overseer  
  40  5:36  Drone  
  40  5:39  Extractor  
  40  5:40  Baneling, Extractor  
  39  5:45  Drone x2  
  41  5:51  Drone x2  
  41  5:54  Drone x2  
  45  6:03  Overlord  
  44  6:06  Drone  
  44  6:07  Drone x2  
  44  6:08  Drone  
  44  6:10  Baneling  
  48  6:16  Zergling x2  
  49  6:24  Spine Crawler x2  
  47  6:27  Spine Crawler  
  47  6:28  Zergling x4  
  48  6:36  Baneling  
  48  6:37  Baneling  
  48  6:43  Mutalisk  
  48  6:44  Mutalisk x3  
  48  6:46  Mutalisk  
  57  6:58  Mutalisk  
  57  6:59  Zergling x8  
  62  7:02  Queen  
  62  7:05  Zergling x2  
  65  7:15  Mutalisk  
  59  7:19  Zergling x2  
  50  7:24  Zergling x6  
  50  7:25  Queen  
  47  7:40  Drone x2  
  47  7:41  Drone  
  49  7:49  Drone x2  
  51  7:59  Baneling x2  
  51  8:03  Drone x3  
  54  8:08  Drone x2  
  56  8:15  Overlord  
  56  8:18  Overlord  
  56  8:20  Drone  
  52  8:41  Drone x5  
  51  8:44  Drone x2  
  51  8:45  Drone  
  46  8:51  Drone x2  
  46  8:53  Drone  
  49  8:59  Drone  
  50  9:07  Drone x3  
  53  9:16  Roach Warren  
  52  9:21  Drone x3  
  55  9:25  Zergling x2  
  55  9:29  Zergling x2  
  57  9:33  Queen  
  57  9:36  Zergling x2  
  60  9:53  Overlord  
  60  9:58  Roach x5  
  70  10:00  Roach  
  70  10:03  Roach  
  74  10:07  Overlord  
  74  10:11  Roach  
  76  10:17  Roach  
  76  10:21  Roach  
  80  10:25  Roach x2  
  80  10:27  Overlord  
  84  10:30  Glial Reconstitution  
  84  10:35  Roach  
  83  10:45  Roach x2  
  83  10:46  Roach x2  
  91  10:51  Overlord  
  91  11:02  Ravager x9  
  91  11:03  Overlord  
  100  11:11  Baneling x6  
  100  11:13  Ravager x2  
  100  11:14  Ravager x2  
  104  11:19  Roach  
  94  11:34  Roach  
  94  11:39  Roach  
  97  11:40  Roach x2  
  97  11:41  Roach x3  
  97  11:45  Roach  
  102  11:48  Roach  
  102  11:51  Roach  
  98  11:57  Roach  
  98  11:59  Roach  
  100  12:04  Roach x2  
  98  12:16  Roach x3  
  99  12:26  Roach x3  
  99  12:29  Roach  
  104  12:31  Ravager  
Show
View Real Time Build Order
Export as new Build Order

Untitled Zerg 

Build Orders: Pool First 

Get SALT Encoding   

  12  0:01  Drone  
  13  0:15  Extractor  
  12  0:24  Spawning Pool  
  11  0:29  Drone  
  11  0:34  Drone  
  13  0:39  Drone  
  14  0:50  Overlord  
  14  1:11  Zergling x4  
  14  1:13  Zergling x2  
  14  1:15  Metabolic Boost  
  17  1:24  Zergling x2  
  18  1:35  Baneling Nest  
  18  1:36  Zergling x2  
  18  1:46  Zergling x2  
  19  2:06  Zergling x4  
  21  2:20  Baneling  
  21  2:22  Zergling x2  
  22  2:29  Overlord  
  22  2:35  Baneling x2  
  22  2:47  Queen  
  22  2:49  Zergling x4  
  25  3:01  Zergling x2  
  25  3:16  Drone  
  26  3:20  Hatchery  
  26  3:23  Drone  
  25  3:32  Zergling x2  
  18  3:45  Drone  
  18  3:46  Queen  
  21  3:57  Baneling  
  21  3:58  Drone  
  22  4:05  Drone  
  23  4:17  Drone x3  
  23  4:23  Queen  
  28  4:29  Overlord  
  28  4:33  Zergling x2  
  28  4:34  Drone  
  30  5:00  Drone x5  
  34  5:08  Roach Warren  
  33  5:16  Drone x4  
  33  5:18  Drone x4  
  41  5:24  Overlord  
  41  5:30  Extractor  
  41  5:35  Overlord  
  40  5:48  Roach, Unknown  
  40  5:49  Roach x4  
  50  5:53  Overlord  
  50  5:55  Roach x2  
  54  5:58  Roach  
  56  6:05  Roach  
  56  6:07  Overlord  
  56  6:08  Roach  
  60  6:21  Zergling x12  
  66  6:27  Zergling x2  
  67  6:34  Baneling x4  
  67  6:37  Zergling x10  
  72  6:46  Zergling x2  
  72  6:47  Zergling x2  
  74  6:52  Ravager  
  75  6:59  Zergling x6  
  75  7:11  Zergling x2  
  65  7:17  Zergling x4, Queen x2  
  62  7:30  Zergling x16  
  59  7:40  Spore Crawler  
  59  7:41  Spore Crawler  
  59  7:42  Drone x4  
  57  7:51  Baneling  
  57  7:52  Baneling x2  
  57  7:57  Drone  
  57  7:58  Lair  
  58  8:00  Spore Crawler  
  58  8:03  Drone x3  
  60  8:07  Evolution Chamber  
  60  8:11  Overlord x2  
  59  8:14  Drone  
  59  8:19  Spore Crawler  
  52  8:33  Drone x6  
  54  8:42  Zerg Ground Armor Level 1  
  54  8:46  Drone x2  
  54  8:47  Queen  
  54  8:48  Extractor  
  56  8:59  Queen  
  58  9:06  Hatchery  
  58  9:09  Infestation Pit, Drone  
  55  9:10  Spore Crawler  
  55  9:14  Spore Crawler  
  53  9:19  Drone x3  
  53  9:23  Queen  
  58  9:29  Overlord x2  
  58  9:32  Drone x2  
  60  9:43  Zergling x2  
  60  9:44  Zergling x8  
  63  9:47  Unknown  
  63  9:49  Pathogen Glands  
  63  9:53  Drone x2  
  65  10:02  Hydralisk Den  
  65  10:04  Drone  
  65  10:05  Drone  
  65  10:06  Baneling  
  66  10:13  Drone x2  
  68  10:20  Infestor x5  
  78  10:28  Drone  
  78  10:29  Drone x3  
  78  10:32  Drone x2  
  78  10:34  Extractor  
  83  10:46  Hydralisk x3  
  86  10:50  Zergling x4  
  86  10:56  Hydralisk  
  88  10:58  Overlord x2  
  88  11:03  Spine Crawler x2  
  88  11:04  Hydralisk  
  86  11:05  Zergling x2  
  86  11:10  Overlord  
  89  11:17  Hydralisk x2, Muscular Augments  
  93  11:20  Hydralisk  
  93  11:21  Zergling x10  
  79  11:41  Hydralisk x3  
  70  11:50  Hydralisk  
  63  11:54  Hydralisk  
  63  11:55  Zergling x16  
  63  11:56  Zergling x4  
  62  12:03  Hydralisk x2  
  62  12:11  Zergling x2  
  54  12:21  Hydralisk x2  
  52  12:29  Hydralisk  
  54  12:30  Zergling x2  
Tags
 
Add a new tag
Caveats
  • Supply blocks, unpowered buildings, or Contaminate may cause inaccurate times.
  • Supply counts are checked every 10 seconds.